 Dungeon Crawl Stone Soup version 0.31-a0-198-g2ad674f65e (webtiles) character file.

Game seed: 5416754618699987038

95 qw the Shooter (level 4, 0/25 HPs)
             Began as a Deep Elf Hunter on June 25, 2023.
             Slain by a black bear (3 damage)
             ... on level 4 of the Dungeon.
             The game lasted 00:00:27 (1226 turns).

qw the Shooter (Deep Elf Hunter)                    Turns: 1226, Time: 00:00:28

Health: 0/25       AC:  3    Str: 10    XL:     4   Next: 39%
Magic:  6/6        EV: 12    Int: 14    God:
Gold:   65         SH:  0    Dex: 18    Spells: 3/3 levels left

rFire   . . .        Y - +0 shortbow
rCold   . . .        (shield currently unavailable)
rNeg    . . .        c - +0 leather armour
rPois   .            (no helmet)
rElec   .            (no cloak)
rCorr   .            (no gloves)
SInv    .            (no boots)
Will    .....        (no amulet)
Stlth   ++           (no ring)
HPRegen 0.24/turn    (no ring)
MPRegen 0.10/turn

%: no passive effects
@: no status effects
A: no striking features
a: no special abilities


You were on level 4 of the Dungeon.
You visited 1 branch of the dungeon, and saw 3 of its levels.

You collected 65 gold pieces.


   Skills:
 - Level 1.5 Fighting
 + Level 7.8 Ranged Weapons
 - Level 2.4 Dodging
 - Level 1.2 Stealth


You had 3 spell levels left.
You didn't know any spells.
Your spell library was empty.

Inventory:

Hand Weapons
 Y - a +0 shortbow (weapon)
Armour
 b - a +0 cloak
 c - a +0 leather armour (worn)
Scrolls
 a - a scroll of vulnerability {unknown}
 d - a scroll of enchant weapon {unknown}
Potions
 e - a potion of brilliance {unknown}
 f - a potion of curing {unknown}
 g - a potion of berserk rage {unknown}

Dungeon Overview and Level Annotations

Branches:
Dungeon (4/15)
 Temple: D:4-7

Altars:


Message History

You shoot an arrow. The black bear growls angrily.
The arrow hits the black bear.
The black bear is lightly wounded.
You shoot an arrow.
The arrow hits the black bear but does no damage.
The black bear is lightly wounded.
You shoot an arrow.
The arrow hits the black bear but does no damage.
The black bear is lightly wounded.
A hobgoblin comes into view.
You shoot an arrow.
The arrow closely misses the black bear.
You shoot an arrow. The arrow barely misses the black bear.
The arrow hits the hobgoblin.
You kill the hobgoblin!
You shoot an arrow. The arrow hits the black bear!
The black bear is moderately wounded.
The black bear bites you.
The black bear claws you but does no damage.
The black bear misses you.
You shoot an arrow. The arrow hits the black bear.
The black bear is moderately wounded.
The black bear bites you.
The black bear claws you but does no damage.
The black bear barely misses you.
You shoot an arrow. The arrow hits the black bear!
The black bear is severely wounded.
The black bear bites you.
The black bear claws you but does no damage.
The black bear claws you.
You shoot an arrow. The arrow hits the black bear.
The black bear is almost dead.
The black bear bites you. The black bear barely misses you.
The black bear claws you but does no damage.
You shoot an arrow. The arrow barely misses the black bear.
The black bear goes berserk!
You shoot an arrow. The arrow barely misses the black bear.
The black bear barely misses you. The black bear claws you.
You die...

.......'.>.#
########...# ##'##
#%### #...# #...#
#####...### #######
..........###......#
.........$.h@......#
....#.###.###......#
....#.# #.# ......#
....#.# #.# ......#
.. #. #.# ......#
#.# ####### #.# ..#


You could see a black bear (berserk).

Vanquished Creatures
  A howler monkey (D:4)
  2 gnolls
  A worm (D:2)
  A dart slug (D:2)
  3 ball pythons
  7 endoplasms
  2 giant cockroaches
  5 goblins
  A hobgoblin (D:4)
  2 jackals (D:1)
  2 quokkas (D:1)
  3 bats
  A kobold (D:1)
  A rat (D:2)
32 creatures vanquished.

Notes
Turn   | Place    | Note
-------+----------+-------------------------------------------
     0 | D:1      | qw the Deep Elf Hunter began the quest for the Orb.
     0 | D:1      | Reached XP level 1. HP: 12/12 MP: 3/3
     0 | D:1      | 0 ||| qw: Version: 0.3-a-21-g1b9f30f
     0 | D:1      | 0 ||| qw: Game counter: 4860
     0 | D:1      | 0 ||| qw: Melee chars always use a shield: true
     0 | D:1      | 0 ||| qw: God list: Okawaru
     0 | D:1      | 0 ||| qw: Allow faded altars: false
     0 | D:1      | 0 ||| qw: Do Orc after clearing Dungeon:15 true
     0 | D:1      | 0 ||| qw: Do second Lair branch before Depths: true
     0 | D:1      | 0 ||| qw: Lair rune preference: random
     0 | D:1      | 0 ||| qw: Goals: Normal
     0 | D:1      | 0 ||| PLANNING D:1-11
    88 | D:1      | Reached XP level 2. HP: 16/16 MP: 4/4
   127 | D:1      | Reached skill level 6 in Ranged Weapons
   333 | D:1      | Reached XP level 3. HP: 20/20 MP: 5/5
   810 | D:1      | 810 ||| READING scroll labelled XUYPAHASKU.
   911 | D:1      | 911 ||| DROPPING scroll of butterflies.
  1088 | D:2      | Reached skill level 7 in Ranged Weapons
  1117 | D:2      | 1117 ||| FLEEEEING.
  1180 | D:2      | You fall into a shaft and drop 2 floors!
  1181 | D:4      | 1181 ||| PLANNING OSSUARY
  1197 | D:4      | Reached XP level 4. HP: 23/25 MP: 6/6
  1215 | D:4      | Noticed a black bear
  1223 | D:4      | HP: 5/25 [black bear (3)]
  1226 | D:4      | Slain by a black bear

Levels and vault maps discovered:
D:1:      reono_arrival_forest_river, layout_basic, serial_forest,
          infiniplex_forest_lined_room_2, infiniplex_forest_clump_curved,
          infiniplex_forest_end_3, infiniplex_forest_clump_long,
          infiniplex_forest_lined_room_2, infiniplex_forest_lined_4_way,
          infiniplex_forest_lined_ring
D:2:      layout_basic, serial_bayou, serial_bayou_pond_b, serial_bayou_pond_d,
          serial_bayou_pond_e, serial_bayou_crossing, basic_altar,
          nicolae_concentric_dashed_squares_mild, hangedman_decor_push,
          minivault_14, minmay_unequal
D:4:      layout_basic, nicolae_ossuary_entry_giza

Skill      XL: |  1  2  3 |
---------------+----------+-----
Ranged Weapons | 6 7 |  7.8
Fighting       | |  1.5
Dodging        | |  2.4
Stealth        | |  1.2

Action                     |  1- 3 |  4- 6 || total
---------------------------+-------+-------++-------
   Fire: Shortbow          |    93 |    11 ||   104
    Use: Scroll            |     1 |       ||     1
 Armour: Leather armour    |     4 |     4 ||     8
  Dodge: Dodged            |    10 |     4 ||    14

Table legend:
 A = Non-vault XP
 B = Vault XP
 C = Vault XP percentage of total XP
 D = Non-vault monster count
 E = Vault monster count
 F = Vault count percentage of total count
                 A         B        C        D         E       F
            +---------+---------+-------+---------+---------+-------
      Total |     112 |      24 |  17.6 |      27 |       5 |  15.6
            +---------+---------+-------+---------+---------+-------
        D:1 |      48 |       0 |   0.0 |      20 |       0 |   0.0
        D:2 |      11 |      24 |  68.6 |       5 |       5 |  50.0
        D:4 |      53 |       0 |   0.0 |       2 |       0 |   0.0
            +---------+---------+-------+---------+---------+-------
